 Dungeon Crawl Stone Soup version 0.18.1-50-g88ac8fd (webtiles) character file.

177 Peloso the Skirmisher (level 5, -1/46 HPs)
             Began as a Ghoul Fighter on Oct 27, 2016.
             Slain by Terence
             ... wielding a +0 trident
              (7 damage)
             ... on level 3 of the Dungeon.
             The game lasted 00:06:59 (1836 turns).

Peloso the Skirmisher (Ghoul Fighter)               Turns: 1836, Time: 00:06:59

Health: -1/46      AC: 13    Str: 25    XL:     5   Next: 57%
Magic:  4/4        EV:  5    Int:  3    God:
Gold:   166        SH:  9    Dex:  9    Spells: 0 memorised, 4 levels left

rFire  . . .     SeeInvis .     a - +0 long sword
rCold  + . .     Gourm    .     t - +0 plate armour
rNeg   + + +     Faith    .     c - +0 shield
rPois  ∞         Spirit   .     (no helmet)
rElec  .         Dismiss  .     k - +0 cloak
rCorr  .         Reflect  .     u - +0 pair of gloves
SustAt .         Harm     .     (no boots)
MR     +....                    (no amulet)
Stlth  ..........               (no ring)
                                l - ring of protection from magic

@: mighty, rotting, somewhat resistant to hostile enchantments, extremely
unstealthy
A: rotting body, claws 1, carnivore 3, cold resistance 1, negative energy
resistance 3, slow regeneration 1, torment resistance, unbreathing
a: no special abilities


You were on level 3 of the Dungeon.
You were not hungry.

You visited 1 branch of the dungeon, and saw 3 of its levels.

You collected 166 gold pieces.

Inventory:

Hand Weapons
 a - a +0 long sword (weapon)
 e - a cursed -3 dagger
Armour
 b - a +0 scale mail
 c - a +0 shield (worn)
 k - a +0 cloak (worn)
 t - a +0 plate armour (worn)
 u - a +0 pair of gloves (worn)
Jewellery
 l - a ring of protection from magic (left hand)
Scrolls
 g - 3 scrolls of enchant weapon {unknown}
 i - a scroll of recharging {unknown}
 m - 6 scrolls of identify {unknown}
 p - a scroll of fear {unknown}
 r - a scroll of blinking {unknown}
 v - a scroll of fog {unknown}
Potions
 h - 3 potions of lignification {unknown}
 j - a potion of cure mutation {unknown}
 n - 3 potions of curing {unknown}
 o - a potion of cancellation {unknown}
 q - a potion of invisibility {unknown}
 s - 2 potions of brilliance {unknown}
Comestibles
 f - a meat ration
 w - a chunk of flesh


   Skills:
 + Level 3.8 Fighting
 + Level 2.5 Long Blades
 + Level 3.5 Armour
 + Level 1.9 Dodging
 + Level 0.2 Stealth
 + Level 3.6 Shields


You had 4 spell levels left.
You didn't know any spells.

Dungeon Overview and Level Annotations

Branches:
Dungeon (3/15)

Altars:
Fedhas
Makhleb
The Shining One

Annotations:
D:3 Terence


Innate Abilities, Weirdness & Mutations

Your body is rotting away.
You thrive on raw meat.
You are immune to poison.
You have sharp fingernails.
You are carnivorous and can eat meat at any time.
Your flesh is cold resistant.
You are immune to negative energy.
You regenerate slowly when monsters are visible.
You are immune to unholy pain and torment.
You can survive without breathing.


Message History

* * * LOW HITPOINT WARNING * * *
You block Terence's attack.
You slice the adder!!
You kill the adder!
Terence hits you from afar with a trident.
* * * LOW HITPOINT WARNING * * *
You block the goblin's attack.
You closely miss the goblin.
Terence says, "Don't bother to defend, it's senseless."
You block Terence's attack. You block the goblin's attack.
You slash the goblin!
You kill the goblin!
Terence hits you from afar with a trident.
* * * LOW HITPOINT WARNING * * *
The goblin hits you but does no damage. Terence barely misses you.
Your shield and plate armour prevent you from hitting the goblin.
You block the goblin's attack. Terence hits you but does no damage.
You closely miss the goblin. The goblin hits you but does no damage.
Terence hits you from afar with a trident!
You die...

....)...##.....##.....##
.........##...##...........>
..........##.##.......###.##
...........###........#
............#...##.####
.#########..#.#.##.##### .
#......##..... ###..####..#
#..#.@g..# #....##@.#
########.# ##>## ... #8...8
.... #.....# <....# 8.....8
.....# ##.."..##......
#8...8#


You could see Terence and a goblin.

Vanquished Creatures
  2 iron imps (D:3)
  An iguana (D:3)
  3 adders
  A worm (D:2)
  A dart slug (D:1)
  5 giant geckos
  2 orcs (D:3)
  5 giant cockroaches
  5 goblins
  6 hobgoblins
  6 jackals (D:2)
  5 bats (D:1)
  A giant newt (D:2)
  5 kobolds
  12 rats
60 creatures vanquished.

Notes
Turn   | Place    | Note
--------------------------------------------------------------
     0 | D:1      | Peloso the Ghoul Fighter began the quest for the Orb.
     0 | D:1      | Reached XP level 1. HP: 19/19 MP: 0/0
    77 | D:1      | Reached XP level 2. HP: 23/26 MP: 1/1
   291 | D:1      | Reached XP level 3. HP: 22/31 MP: 2/2
   944 | D:2      | Reached skill level 1 in Dodging
   993 | D:2      | Reached XP level 4. HP: 31/38 MP: 3/3
  1056 | D:2      | Found a blossoming altar of Fedhas.
  1614 | D:3      | Found a burning altar of Makhleb.
  1645 | D:3      | Reached XP level 5. HP: 31/42 MP: 4/4
  1766 | D:3      | Found a glowing golden altar of the Shining One.
  1811 | D:3      | Noticed Terence
  1836 | D:3      | Slain by Terence

Skill      XL: |  1  2  3 |
---------------+----------+-----
Armour         | 3 |  3.5
Shields        | 3 |  3.6
Long Blades    | 2 |  2.5
Dodging        | 1 |  1.9
Fighting       | |  3.8
Stealth        | |  0.2

Action                   |  1- 3 |  4- 6 || total
-------------------------+-------+-------++-------
Melee: Long sword        |   143 |    98 ||   241
  Use: Potion            |       |     1 ||     1
  Eat: Chunk             |       |     6 ||     6
Armor: Scale mail        |    95 |     7 ||   102
       Plate armour      |       |    67 ||    67
Dodge: Dodged            |    55 |    15 ||    70
Block: Shield            |    91 |    47 ||   138
